Map: Data-C

Players

llllllllllll

  • Race: Protoss Protoss
  • League: Grandmaster
  • Spawn Location: 9:00

Solar - Winner!

  • Race: Zerg Zerg
  • League: Master
  • Spawn Location: 3:00

VOD

Have the link to the VOD?

Description

Time

  • Played on: Oct. 22, 2022, 6:16 a.m.
  • Length: 4:00
Show
View Real Time Build Order
Export as new Build Order

llllllllllll Protoss 

Build Orders: 1 Gate Expand 

Get SALT Encoding   

  12  0:00  Probe  
  13  0:12  Pylon  
  13  0:17  Probe (Chrono Boost)  
  14  0:26  Probe (Chrono Boost)  
  15  0:31  Probe (Chrono Boost)  
  16  0:40  Gateway  
  16  0:43  Probe  
  17  0:50  Assimilator  
  17  0:55  Probe  
  18  1:07  Probe  
  19  1:19  Probe  
  20  1:25  Nexus  
  20  1:35  Cybernetics Core  
  20  1:38  Probe  
  21  1:43  Assimilator  
  21  1:50  Probe  
  21  1:53  Pylon  
  22  2:02  Probe (Chrono Boost)  
  23  2:11  Adept, Warp Gate  
  23  2:14  Probe (Chrono Boost)  
  26  2:22  Probe (Chrono Boost)  
  27  2:24  Twilight Council  
  27  2:28  Probe (Chrono Boost)  
  28  2:40  Probe x2 (Chrono Boost)  
  28  2:41  Adept  
  32  2:47  Probe x2 (Chrono Boost)  
  34  2:51  Robotics Facility  
  34  2:52  Probe (Chrono Boost)  
  34  2:56  Probe  
  36  3:07  Gateway  
  36  3:10  Gateway  
  36  3:20  Adept  
  36  3:27  Gateway  
  38  3:28  Gateway  
  40  3:39  Probe  
  40  3:40  Probe  
  42  3:45  Pylon  
Show
View Real Time Build Order
Export as new Build Order

Solar Zerg - Winner!

Build Orders: Hatch First 

Get SALT Encoding   

  12  0:00  Drone  
  13  0:13  Overlord  
  13  0:19  Drone  
  14  0:32  Drone x2  
  16  0:51  Hatchery  
  16  0:53  Drone  
  16  0:57  Drone  
  17  1:00  Drone  
  18  1:11  Extractor  
  17  1:16  Spawning Pool  
  16  1:20  Drone  
  16  1:23  Drone  
  18  1:30  Drone  
  19  1:40  Drone  
  20  1:50  Overlord  
  20  2:02  Queen x2  
  20  2:03  Zergling x4  
  26  2:12  Drone  
  26  2:13  Drone  
  28  2:18  Metabolic Boost  
  28  2:25  Zergling x4  
  31  2:37  Zergling x4  
  31  2:41  Baneling Nest  
  31  2:44  Overlord  
  31  2:46  Zergling x2  
  32  2:57  Zergling x4  
  34  3:07  Zergling x4  
  34  3:10  Zergling x2  
  34  3:11  Zergling x8  
  41  3:13  Zergling x2  
  42  3:20  Overlord  
  42  3:25  Baneling x5  
  42  3:29  Zergling x2  
  42  3:30  Zergling x2  
  44  3:35  Baneling  
  44  3:40  Zergling x2  
  44  3:41  Zergling x2  
  46  3:44  Baneling  
Tags
 
Add a new tag
Caveats
  • Supply blocks, unpowered buildings, or Contaminate may cause inaccurate times.
  • Supply counts are checked every 10 seconds.